 Dungeon Crawl Stone Soup version 0.28.0-47-ge53b351184 (webtiles) character file.

Game seed: 7634947058892235430

664 bobregger the Skirmisher (level 7, 0/77 (78) HPs)
             Began as an Ogre Berserker on May 2, 2022.
             Was a Believer of Trog.
             Slain by a wight
             ... wielding a +0 hand axe
              (1 damage)
             ... on level 4 of the Dungeon.
             The game lasted 00:02:56 (3960 turns).

bobregger the Skirmisher (Ogre Berserker)           Turns: 3960, Time: 00:02:58

HP:   0/77 (78)     AC:  3    Str: 22    XL:     7   Next: 57%
MP:   7/7           EV: 10    Int:  8    God:    Trog [**....]
Gold: 106           SH:  5    Dex: 10    Spells: 6/6 levels left

rFire   . . .      SeeInvis .   i - +0 flail (vorpal)
rCold   . . .      Faith    .   (no shield)
rNeg    . . .      Spirit   .   b - +0 animal skin
rPois   .          Reflect  +   (helmet restricted)
rElec   .          Harm     .   (no cloak)
rCorr   .          Rampage  .   (gloves unavailable)
Will    .....                   (boots unavailable)
Stlth   +.........              f - amulet of reflection
HPRegen 0.22/turn               (no ring)
MPRegen 0.10/turn               (no ring)

@: on berserk cooldown, slowed, lightly drained, very slow
A: large, unfitting armour, tough skin 1
a: Renounce Religion, Berserk, Trog's Hand


You were on level 4 of the Dungeon.
You worshipped Trog.
Trog was pleased with you.
You visited 1 branch of the dungeon, and saw 4 of its levels.

You collected 106 gold pieces.

Inventory:

Hand Weapons
 i - a +0 vorpal flail (weapon)
Armour
 b - a +0 animal skin (worn)
Jewellery
 f - an amulet of reflection (around neck)
 k - a ring of see invisible
Scrolls
 d - 3 scrolls of teleportation {unknown}
 e - a scroll of enchant armour {unknown}
 g - a scroll of noise {unknown}
 m - a scroll of immolation {unknown}
 n - a scroll of blinking {unknown}
 o - a scroll of identify {unknown}
Potions
 a - a potion of degeneration {unknown}
 c - a potion of brilliance {unknown}
 h - a potion of magic {unknown}
 j - 2 potions of flight {unknown}
 l - a potion of lignification {unknown}


   Skills:
 + Level 7.2 Fighting
 * Level 6.6 Maces & Flails
 - Level 2.6 Dodging


You had 6 spell levels left.
You didn't know any spells.
Your spell library was empty.

Dungeon Overview and Level Annotations

Branches:
Dungeon (4/15)
 Temple: D:4-7

Altars:
The Shining One

Shops:
D:1 [   D:2 [**


Innate Abilities, Weirdness & Mutations

You are too large for most types of armour.
You have tough skin. (AC +1)


Message History

Trog accepts your kill. The wight barely misses you.
Things that are here:
a +3 mace; a +0 robe You sock the wight!
You destroy the wight!
Trog accepts your kill.
Your life force feels restored.
You hit the wight.
The wight is moderately damaged.
You completely miss the wight. You punch the wight.
The wight is severely damaged.
You block the wight's attack.
You thump the wight!
You destroy the wight!
Trog accepts your kill.
Your Fighting skill increases to level 7!
You barely miss the ogre. You sock the ogre!
The ogre is severely wounded.
You are no longer berserk.
You are exhausted.
You feel yourself slow down. The ogre closely misses you.
You hit the ogre.
The ogre is almost dead.
The ogre hits you with a +0 giant club!
* * * LOW HITPOINT WARNING * * *
You hit the ogre.
You kill the ogre!
Trog accepts your kill.
You sock the wight!
The wight is severely damaged.
The wight barely misses you. The wight hits you with a +0 hand axe!
* * * LOW HITPOINT WARNING * * *
You hit the wight but do no damage.
The wight is severely damaged.
The wight closely misses you. The wight hits you with a +0 hand axe.
* * * LOW HITPOINT WARNING * * *
You feel drained.
You die...

#.....# #.#.##.#....#.
#.....# #.#.##.#....#.
#.##### #.#.##.#....#. #.#
#.#.##.#....#. #.#
#.#.##......#. #.#####
#.#.##......#. #.....#
#.#..#...)..#.
#.....########.##.#........
#>.......z@)..>...####.....
#.....########.##.####.#.#.
#.z...# #.........#...
#.##### ####.######.#. #'#
#.......##....#.
!..z..zz..#
#.......##.##.#.
.zz..Oz..(# #......... #.#.
..........# #......... #.#.
....:.....# ..#####.....
#.#


You could see a wight.

Vanquished Creatures
  An ogre (D:4)
  A necrophage (D:3)
  2 scorpions (D:4)
  4 wights (D:4)
  A jelly (D:4)
  An iguana (D:3)
  Terence (D:2)
  A hound skeleton (D:4)
  5 adders
  An adder skeleton (D:4)
  2 dart slugs
  6 orcs
  3 bats
  9 endoplasms
  2 giant cockroaches (D:3)
  3 goblins
  8 hobgoblins
  6 jackals
  4 kobolds (D:1)
  2 quokkas (D:1)
  7 ball pythons
  3 frilled lizards
  2 rats (D:1)
75 creatures vanquished.

Notes
Turn   | Place    | Note
-------+----------+-------------------------------------------
     0 | D:1      | bobregger the Ogre Berserker began the quest for the Orb.
     0 | D:1      | Reached XP level 1. HP: 24/24 MP: 1/1
    51 | D:1      | Found a faded altar of an unknown god.
    66 | D:1      | HP: 1/24 [goblin/+0 dagger (1)]
    67 | D:1      | Reached XP level 2. HP: 2/32 MP: 2/2
   857 | D:1      | Reached XP level 3. HP: 31/40 MP: 3/3
  1066 | D:1      | Found Leenulen's Armour Emporium.
  1163 | D:1      | Reached ** piety under Trog
  1580 | D:2      | Found Kosaruc's Assorted Antiques.
  1614 | D:2      | Found Liuth's Assorted Antiques.
  1867 | D:2      | Reached XP level 4. HP: 43/49 MP: 4/4
  1911 | D:2      | Noticed Terence
  1926 | D:2      | Killed Terence
  1927 | D:2      | Reached skill level 5 in Fighting
  2110 | D:2      | Found Yngeikk's Antique Armour Shop.
  2630 | D:3      | Reached XP level 5. HP: 42/57 MP: 5/5
  2961 | D:3      | Found a glowing golden altar of the Shining One.
  3375 | D:4      | Noticed a necrophage
  3385 | D:3      | Killed a necrophage
  3386 | D:3      | Reached skill level 5 in Maces & Flails
  3386 | D:3      | Reached XP level 6. HP: 67/67 MP: 6/6
  3462 | D:4      | Reached skill level 6 in Fighting
  3946 | D:4      | Reached XP level 7. HP: 66/76 MP: 7/7
  3955 | D:4      | Reached skill level 7 in Fighting
  3960 | D:4      | HP: 1/78 [wight/+0 hand axe (4)]
  3960 | D:4      | Slain by a wight

Illustrated notes

Levels and vault maps discovered:
D:1:      lightli_iron_boxes, layout_rooms, serial_shops, shop_fountains,
          hellmonk_ecumenical_altar_heavens_door
D:2:      layout_loops_ring, serial_shops, nicolae_shop_statue_plus, shop, shop,
          corner_web_ring, nicolae_elevator_lobby_plus, uniq_terence
D:3:      layout_loops_corners, overflow_temple_1_default
D:4:      layout_basic

Skill      XL: |  1  2  3  4  5  6  7 |
---------------+----------------------+-----
Maces & Flails | 3 4 5 6 |  6.6
Fighting       | 5 6 7 |  7.2
Dodging        | |  2.6

Action                   |  1- 3 |  4- 6 |  7- 9 || total
-------------------------+-------+-------+-------++-------
Melee: Mace              |    52 |       |       ||    52
       Punch             |     1 |     2 |     1 ||     4
       Flail             |    71 |    96 |    13 ||   180
Invok: Berserk           |     1 |     2 |       ||     3
 Stab: Sleeping          |       |     2 |       ||     2
Armor: Animal skin       |    66 |    24 |       ||    90
Dodge: Dodged            |   107 |    53 |     4 ||   164
Block: Other             |    16 |    22 |     1 ||    39
